 Dungeon Crawl Stone Soup version 0.26-a0-8-gc4d20be (webtiles) character file.

Game seed: 4373224694538178820, levelgen mode: deterministic

5761 GroovyGamera the Blocker (level 10, -2/82 HPs)
             Began as a Demonspawn Fighter on May 24, 2020.
             Was a Priest of Yredelemnul.
             Killed from afar by an electric eel (5 damage)
             ... with a bolt of electricity
             ... on level 9 of the Dungeon.
             The game lasted 00:53:38 (12678 turns).

GroovyGamera the Blocker (Demonspawn Fighter)      Turns: 12678, Time: 00:53:39

Health: -2/82      AC: 18    Str: 20    XL:     10   Next: 49%
Magic:  16/16      EV:  5    Int:  9    God:    Yredelemnul [***...]
Gold:   539        SH: 12    Dex: 13    Spells: 9/9 levels left

rFire    . . .     SeeInvis .   a - +1 long sword
rCold    . . .     Gourm    .   c - +0 kite shield
rNeg     . . .     Faith    .   q - +0 plate armour
rPois    .         Spirit   .   (helmet restricted)
rElec    .         Reflect  .   g - +1 cloak
rCorr    .         Harm     .   (no gloves)
MR       .....                  m - +2 pair of boots
Stlth    ..........             (no amulet)
HPRegen  0.23/turn              (no ring)
MPRegen  0.15/turn              (no ring)

@: no status effects
A: horns 2, slimy green scales 1, foul stench 1, powered by death 1, rot
immunity
a: Recall Undead Slaves, Injury Mirror, Animate Dead, Renounce Religion


You were on level 9 of the Dungeon.
You worshipped Yredelemnul.
Yredelemnul was most pleased with you.
You were hungry.

You visited 1 branch of the dungeon, and saw 9 of its levels.
You also visited: Sewer.

You collected 539 gold pieces.

Inventory:

Hand Weapons
 a - a +1 long sword (weapon)
 b - a +4 mace of protection
 K - a +2 shortbow of freezing
Missiles
 w - 20 bolts
 x - 89 arrows
 B - 8 javelins
 C - 23 poisoned darts (quivered)
 M - 2 boomerangs of dispersal
Armour
 c - a +0 kite shield (worn)
 g - a +1 cloak (worn)
 m - a +2 pair of boots (worn)
 q - a +0 plate armour (worn)
Jewellery
 y - an uncursed ring of protection from fire
Wands
 t - a wand of paralysis (10)
 H - a wand of digging (8)
Scrolls
 e - 2 scrolls of identify
 k - 5 scrolls of teleportation
 p - 2 scrolls of enchant weapon
 r - 5 scrolls of fear {unknown}
 v - a scroll of noise {unknown}
 A - 4 scrolls of remove curse
 E - 5 scrolls of magic mapping
 F - 4 scrolls of immolation
 G - a scroll of blinking
 I - 3 scrolls of enchant armour
Potions
 d - a potion of haste
 h - 3 potions of lignification
 i - 3 potions of curing
 l - a potion of flight {unknown}
 n - 2 potions of stabbing {unknown}
 o - a potion of degeneration {unknown}
 s - 2 potions of magic
 u - 2 potions of might
 z - 2 potions of brilliance
 D - a potion of mutation {unknown}
 J - 4 potions of ambrosia {unknown}
 L - a potion of cancellation {unknown}
 O - a potion of invisibility
Comestibles
 f - 8 rations
 j - 2 chunks of flesh


   Skills:
 + Level 8.7 Fighting
 * Level 2.7 Long Blades
 - Level 2.6 Armour
 * Level 10.8 Shields
 - Level 8.8 Invocations


You had 9 spell levels left.
You didn't know any spells.
Your spell library contained the following spells:

 Spells                   Type           Power        Failure   Level  Hunger
 Magic Dart               Conj           #...         100%        1    ##.....
 Blink                    Tloc           N/A          100%        2    ###....
 Call Imp                 Summ           #.......     100%        2    ###....
 Slow                     Hex            #.......     100%        2    ###....
 Confusing Touch          Hex            #.......     100%        3    ####...
 Conjure Flame            Conj/Fire      #.......     100%        3    ####...
 Gell's Gravitas          Tloc           #.........   100%        3    ####...
 Mephitic Cloud           Conj/Pois/Air  #.......     100%        3    ####...
 Petrify                  Tmut/Erth      #.......     100%        4    #####..
 Metabolic Englaciation   Hex/Ice        #.........   100%        5    ######.
 Yara's Violent Unravell  Hex/Tmut       #.........   100%        5    ######.


Dungeon Overview and Level Annotations

Branches:
Dungeon (9/15)             Temple (0/1) D:6            Lair (0/6) D:9
  Sewer (visited)
    Orc: D:9-12

Altars:
Dithmenos
Yredelemnul

Shops:
D:9 *


Innate Abilities, Weirdness & Mutations

You have a pair of horns on your head.
You are partially covered in slimy green scales. (AC +2)
You may emit foul miasma when damaged in melee.
You regenerate a little health from kills.
You are immune to rotting.


Message History

You miss the electric eel.
The electric eel shoots out a bolt of lightning at you!
The bolt of electricity hits you.
The electric eel shoots out a bolt of lightning at you!
The bolt of electricity hits you!
* * * LOW HITPOINT WARNING * * *
Your plate armour prevents you from hitting the electric eel.
An electric eel comes into view.
Items here: ! $ ( ) ? † The electric eel shoots out a bolt of lightning at you!
The bolt of electricity hits you.
* * * LOW HITPOINT WARNING * * *
The electric eel shoots out a bolt of lightning at you!
The bolt of electricity hits you!
* * * LOW HITPOINT WARNING * * *
You see here 2 arrows.
The electric eel shoots out a bolt of lightning at you!
The bolt of electricity hits you.
You die...
Your body rises from the dead as a mindless zombie.

..........#.....#........
...........#.....#...Z....
... #.....#..!#ZZ..
#...<.#...#.Z..
#.....#...# .Z. #.....#
#.....# # ##....# .# .
#[.@.# ..# ... #..(.# ....
....#....#.....
.......)...≈...
...........≈≈.≈
....≈≈;..≈≈≈≈≈≈
...≈≈≈≈≈≈≈≈≈≈≈≈
..≈≈≈≈≈≈≈≈≈≈.≈≈
.....≈≈≈≈...≈..


You could see an electric eel.

Vanquished Creatures
  A cyclops (D:9)
  Joseph (D:8)
  Psyche (D:7)
  A troll (D:9)
  A hippogriff (D:7)
  Sigmund (D:4)
  Eustachio (D:4)
  A wraith (D:8)
  A hungry ghost (D:7)
  2 ice beasts
  3 orc warriors (D:7)
  An ogre (D:7)
  A phantom (D:8)
  A sky beast (D:8)
  3 centaurs
  2 wolves
  2 bullfrogs
  A wyvern zombie (D:9)
  A scorpion (D:6)
  3 troll zombies (D:9)
  10 killer bees
  A howler monkey (D:9)
  4 crimson imps
  3 centaur zombies
  A quasit (D:5)
  7 orc priests
  A bullfrog zombie (D:6)
  5 hounds
  A jelly (D:7)
  Crazy Yiuf (D:7)
  2 bullfrog skeletons
  A centaur skeleton (D:4)
  Terence (D:2)
  4 iguanas
  10 orc wizards
  6 worker ants
  2 ogre zombies (D:9)
  A hound zombie (D:6)
  A hound skeleton (D:7)
  A howler monkey zombie (D:8)
  A worker ant zombie (D:8)
  Robin (D:2)
  6 gnolls
  9 adders
  3 river rats (Sewer)
  4 oozes
  An adder skeleton (D:8)
  An adder zombie (D:6)
  5 worms
  9 dart slugs
  8 leopard geckos
  20 orcs
  3 ball pythons
  5 giant cockroaches
  2 gnoll zombies (D:4)
  4 hobgoblins
  8 jackals
  13 kobolds
  5 quokkas
  6 bats
  8 frilled lizards
  16 goblins
  A goblin skeleton (D:9)
  5 hobgoblin zombies (D:9)
  4 orc skeletons (D:9)
  4 orc zombies (D:9)
  A quokka skeleton (D:6)
  A quokka zombie (D:8)
  12 rats
258 creatures vanquished.

Vanquished Creatures (others)
  An adder zombie (D:6)
  An orc zombie (D:6)
  3 fungi (D:6)
5 creatures vanquished.

Grand Total: 263 creatures vanquished

Notes
Turn   | Place    | Note
-------+----------+-------------------------------------------
     0 | D:1      | GroovyGamera the Demonspawn Fighter began the quest for the
                  | Orb.
     0 | D:1      | Reached XP level 1. HP: 18/18 MP: 1/1
   111 | D:1      | Reached skill level 3 in Shields
   111 | D:1      | Gained mutation: You are partially covered in slimy green
                  | scales. (AC +2) [demonic ancestry]
   111 | D:1      | Reached XP level 2. HP: 22/24 MP: 2/2
  1002 | D:2      | Gained mutation: You regenerate a little health from kills.
                  | [demonic ancestry]
  1002 | D:2      | Reached XP level 3. HP: 25/29 MP: 3/3
  1206 | D:2      | Noticed Terence
  1232 | D:2      | Killed Terence
  1420 | D:2      | Reached XP level 4. HP: 34/35 MP: 4/4
  2075 | D:2      | Noticed Robin
  2135 | D:2      | Killed Robin
  2135 | D:2      | Reached skill level 4 in Shields
  2382 | D:3      | Gained mutation: You have a pair of small horns on your
                  | head. [demonic ancestry]
  2382 | D:3      | Reached XP level 5. HP: 38/42 MP: 5/5
  2400 | D:3      | Found a shadowy altar of Dithmenos.
  2828 | D:3      | Reached skill level 5 in Shields
  3123 | D:3      | Gained mutation: You are immune to rotting. [demonic
                  | ancestry]
  3123 | D:3      | Reached XP level 6. HP: 49/49 MP: 6/6
  3371 | D:4      | Noticed Eustachio
  3640 | D:4      | Noticed Sigmund
  3686 | D:4      | Killed Sigmund
  3686 | D:4      | Reached skill level 5 in Fighting
  3686 | D:4      | Reached skill level 6 in Shields
  3686 | D:4      | Reached XP level 7. HP: 32/56 MP: 7/7
  4018 | D:4      | Found a basalt altar of Yredelemnul.
  4026 | D:4      | Became a worshipper of Yredelemnul the Dark
  4631 | D:4      | Killed Eustachio
  4631 | D:4      | Reached skill level 1 in Invocations
  4878 | D:5      | Entered Level 5 of the Dungeon
  4908 | D:5      | Found a glowing drain.
  4917 | Sewer    | Entered a sewer
  5400 | D:4      | Reached * piety under Yredelemnul
  5552 | D:5      | Reached skill level 7 in Shields
  5722 | D:5      | Reached XP level 8. HP: 62/64 MP: 10/10
  6442 | D:6      | Found a staircase to the Ecumenical Temple.
  6663 | D:6      | Noticed a slime creature
  7205 | D:6      | Reached skill level 8 in Shields
  7360 | D:7      | Reached skill level 5 in Invocations
  7401 | D:7      | Reached ** piety under Yredelemnul
  7579 | D:7      | HP: 2/65 [orc priest/divine providence (13)]
  7844 | D:7      | Found a runed translucent door.
  7845 | D:7      | Noticed Crazy Yiuf
  7856 | D:7      | Paralysed by Crazy Yiuf for 7 turns
  7872 | D:7      | Killed Crazy Yiuf
  8088 | D:7      | Gained mutation: You have a pair of horns on your head.
                  | [demonic ancestry]
  8088 | D:7      | Reached XP level 9. HP: 64/71 MP: 13/13
  8981 | D:7      | Reached skill level 9 in Shields
  9144 | D:8      | Noticed Joseph
  9245 | D:8      | Noticed Psyche
 10366 | D:7      | Killed Psyche
 10366 | D:7      | Reached skill level 10 in Shields
 10515 | D:8      | Paralysed by Joseph for 5 turns
 10531 | D:8      | Killed Joseph
 10531 | D:8      | Gained mutation: You may emit foul miasma when damaged in
                  | melee. [demonic ancestry]
 10531 | D:8      | Reached XP level 10. HP: 23/80 MP: 15/15
 10812 | D:8      | Noticed a two-headed ogre
 11181 | D:9      | Reached *** piety under Yredelemnul
 11219 | D:9      | Found Neut's Assorted Antiques.
 11333 | D:9      | Noticed a cyclops
 11600 | D:9      | Killed a cyclops
 12642 | D:9      | Found a staircase to the Lair.
 12677 | D:9      | HP: 3/82 [electric eel/bolt of electricity (8)]
 12678 | D:9      | Killed from afar by an electric eel

Illustrated notes

Levels and vault maps discovered:
D:1:      minmay_arrival_cross, layout_loops_ring, minivault_19
D:2:      layout_basic, uniq_robin, uniq_terence
D:3:      layout_basic, corexii_shack, grunt_dithmenos_smoke_and_mirrors
D:4:      layout_cave_pods, lemuel_zombie_altar_yredelemnul, first_ration,
          uniq_eustachio, uniq_sigmund
D:5:      layout_rooms, portal_sewer_entry_d
D:6:      lemuel_slime, layout_loops_corners, minmay_temple_entry_sparse_star
D:7:      layout_cave_pools, uniq_crazy_yiuf_cottage
D:8:      layout_rooms, uniq_psyche, uniq_joseph
D:9:      layout_irregular_city, erik_lair_island, zombieorc2_lemuel,
          basic_altar, serial_shops, shop

Skill      XL: |  1  2  3  4  5  6  7  8  9 10 |
---------------+-------------------------------+-----
Long Blades    | 2 |  2.7
Shields        | 3 4 5 6 7 8 10 | 10.8
Fighting       | 4 5 6 8 |  8.7
Invocations    | 3 5 7 8 |  8.8
Armour         | |  2.6

Action                   |  1- 3 |  4- 6 |  7- 9 | 10-12 || total
-------------------------+-------+-------+-------+-------++-------
Melee: Long sword        |   132 |   252 |   663 |   211 ||  1258
       Headbutt          |       |    28 |   143 |    50 ||   221
Throw: Dart              |       |       |    11 |     8 ||    19
Invok: Animate Remains   |       |       |     2 |       ||     2
  Use: Scroll            |       |     9 |     6 |     1 ||    16
       Potion            |       |     1 |    10 |     2 ||    13
 Stab: Distracted        |       |       |     1 |       ||     1
       Invisible         |       |       |     4 |       ||     4
  Eat: Chunk             |     2 |     7 |    12 |     5 ||    26
       Ration            |       |       |     5 |     1 ||     6
Armor: Scale mail        |    44 |       |       |       ||    44
       Chain mail        |    21 |   166 |       |       ||   187
       Plate armour      |       |       |   658 |   213 ||   871
Dodge: Dodged            |    24 |    35 |   150 |    46 ||   255
Block: Kite shield       |    58 |   122 |   547 |   230 ||   957
       Rpst.: Long sword |     9 |    13 |    37 |    16 ||    75

Table legend:
 A = Non-vault XP
 B = Vault XP
 C = Vault XP percentage of total XP
 D = Non-vault monster count
 E = Vault monster count
 F = Vault count percentage of total count
                 A         B        C        D         E       F
            +---------+---------+-------+---------+---------+-------
      Total |    5712 |    2518 |  30.6 |     187 |      71 |  27.5
            +---------+---------+-------+---------+---------+-------
        D:1 |      33 |       2 |   5.7 |      15 |       1 |   6.2
        D:2 |      59 |      68 |  53.5 |      25 |      11 |  30.6
        D:3 |     246 |       1 |   0.4 |      29 |       1 |   3.3
        D:4 |     321 |     438 |  57.7 |      19 |       4 |  17.4
        D:5 |     256 |      13 |   4.8 |       5 |       1 |  16.7
        D:6 |     698 |      14 |   2.0 |      20 |       2 |   9.1
        D:7 |    1987 |     495 |  19.9 |      40 |       2 |   4.8
        D:8 |     748 |     908 |  54.8 |      25 |       4 |  13.8
        D:9 |    1364 |     494 |  26.6 |       9 |      23 |  71.9
      Sewer |       0 |      85 | 100.0 |       0 |      22 | 100.0
            +---------+---------+-------+---------+---------+-------
